 Dungeon Crawl Stone Soup version 0.28-a0-1447-ga5a8893891 (webtiles) character file.

Game seed: 4769673302027001890

3066 HallandMoats the Fighter (level 9, -16/60 HPs)
             Began as a Gargoyle Fighter on Jan 12, 2022.
             Was a Believer of the Shining One.
             Killed from afar by an acid dragon (21 damage)
             ... with a splash of acid
             ... on level 9 of the Dungeon.
             The game lasted 00:13:04 (9112 turns).

HallandMoats the Fighter (Gargoyle Fighter)         Turns: 9112, Time: 00:13:04

Health: -16/60     AC:  8    Str: 22    XL:     9   Next: 88%
Magic:  0/18       EV: 11    Int:  6    God:    the Shining One [**....]
Gold:   531        SH:  5    Dex: 11    Spells: 8/8 levels left

rFire   + . .      SeeInvis .   b - +6 short sword "Keceob" {vorpal, +Blink rElec rF+ Int-3}
rCold   . . .      Faith    .   c - +0 buckler
rNeg    + + .      Spirit   +   m - +2 ring mail {Will+}
rPois   ∞          Reflect  .   (no helmet)
rElec   +          Harm     .   (no cloak)
rCorr   .          Rampage  .   (no gloves)
Will    +....                   E - +0 pair of boots
Stlth   ..........              D - amulet of guardian spirit
HPRegen 0.20/turn               g - ring of magical power
MPRegen 0.16/turn               z - +4 ring of protection

@: corroded, glowing
A: sickness immunity, AC +6, negative energy resistance 1, electricity
resistance, torment resistance 1, petrification resistance
a: Renounce Religion, Evoke Blink, Divine Shield


You were on level 9 of the Dungeon.
You worshipped the Shining One.
The Shining One was pleased with you.
You visited 2 branches of the dungeon, and saw 10 of its levels.
You also visited: Sewer.

You collected 561 gold pieces.
You donated 30 gold pieces to Zin.

Inventory:

Hand Weapons
 a - a +0 war axe
 b - the +6 short sword "Keceob" (weapon) {vorpal, +Blink rElec rF+ Int-3}
   (You found it on level 4 of the Dungeon)

   It inflicts extra damage upon your enemies.
   Int:       It affects your intelligence (-3).
   rF:        It protects you from fire.
   rElec:     It insulates you from electricity.
   +Blink:    It lets you blink.
Armour
 c - a +0 buckler (worn)
 m - a +2 ring mail of willpower (worn)
 E - a +0 pair of boots (worn)
Jewellery
 g - a ring of magical power (left hand)
 k - a +6 ring of strength
 t - a +6 ring of intelligence
 z - a +4 ring of protection (right hand)
 D - an amulet of guardian spirit (around neck)
Wands
 x - a wand of iceblast (23)
 F - a wand of flame (21)
Scrolls
 e - a scroll of enchant weapon
 f - a scroll of immolation
 j - a scroll of fog
 o - 3 scrolls of teleportation
 r - a scroll of amnesia
 u - a scroll of noise {unknown}
 y - a scroll of summoning {unknown}
 A - 2 scrolls of magic mapping
 G - a scroll of enchant armour
Potions
 d - 4 potions of might
 i - a potion of invisibility {unknown}
 l - 3 potions of degeneration {unknown}
 n - 2 potions of curing
 p - 2 potions of magic {unknown}
 q - a potion of haste {unknown}
 s - 3 potions of heal wounds {unknown}
 v - a potion of brilliance {unknown}
 w - 2 potions of mutation {unknown}


   Skills:
 * Level 9.0 Fighting
 * Level 7.1 Axes
 + Level 6.6 Armour
 + Level 4.1 Dodging
 - Level 4.8 Shields


You had 8 spell levels left.
You didn't know any spells.
Your spell library contained the following spells:

 Spells                   Type           Power      Damage    Failure   Level
 Animate Skeleton         Necr           0%         N/A       69%         1
 Apportation              Tloc           0%         N/A       69%         1
 Beastly Appendage        Tmut           0%         N/A       69%         1
 Summon Small Mammal      Summ           0%         N/A       69%         1
 Wereblood                Tmut           0%         N/A       83%         2
 Gell's Gravitas          Tloc           0%         N/A       96%         3
 Inner Flame              Hex/Fire       0%         N/A       96%         3
 Lesser Beckoning         Tloc           0%         N/A       96%         3
 Mephitic Cloud           Conj/Pois/Air  0%         N/A       96%         3
 Portal Projectile        Hex/Tloc       0%         N/A       96%         3
 Spider Form              Tmut/Pois      0%         N/A       96%         3
 Teleport Other           Tloc           0%         N/A       96%         3
 Passage of Golubria      Tloc           0%         N/A       100%        4
 Blade Hands              Tmut           0%         N/A       100%        5
 Excruciating Wounds      Necr           0%         N/A       100%        5
 Silence                  Hex/Air        0%         N/A       100%        5
 Ignition                 Fire           0%         3d3       100%        8
 Lehudib's Crystal Spear  Conj/Erth      0%         10d2      100%        8


Dungeon Overview and Level Annotations

Branches:
Dungeon (9/15)             Temple (1/1) D:6           Sewer (visited)
   Lair: D:8-11         Orc: D:9-12

Altars:
Cheibriados
Dithmenos
Elyvilon
Fedhas
Gozag
Hepliaklqana
Kikubaaqudgha
Makhleb
Nemelex Xobeh
Okawaru
Qazlal
Ru
Sif Muna
Trog
Uskayaw
Wu Jian
Xom
Yredelemnul
Zin
The Shining One

Shops:
D:3 =**   D:6 (


Innate Abilities, Weirdness & Mutations

You are immune to sickness and miasma.
Your stone body is resilient. (AC +6)
You are immune to poison.
You resist negative energy. (rN+)
You are resistant to electric shocks. (rElec)
You are resistant to unholy torment.
You are immune to petrification.


Message History

An acid dragon is nearby!
The acid dragon closely misses you. The acid dragon barely misses you.
You hit the acid dragon but do no damage.
The acid dragon bites you but does no damage.
The acid dragon claws you.
You hit the acid dragon.
The acid dragon is lightly wounded.
The acid dragon spits acid at you. The splash of acid hits you!
The acid corrodes you!
You hit the acid dragon.
The acid dragon is moderately wounded.
The acid dragon barely misses you. The acid dragon claws you.
The acid dragon closely misses you.
The acid dragon claws you but does no damage.
You hit the acid dragon but do no damage.
The acid dragon is moderately wounded.
A wight comes into view. It is wielding a +2 falchion.
The acid dragon bites you but does no damage.
The acid dragon claws you.
You hit the acid dragon but do no damage.
The acid dragon is moderately wounded.
The acid dragon closely misses you.
The acid dragon claws you but does no damage.
You hit the acid dragon but do no damage.
The acid dragon is moderately wounded.
The acid dragon barely misses you. The acid dragon closely misses you.
You barely miss the acid dragon.
The acid dragon is moderately wounded.
The acid dragon spits acid at you. The splash of acid hits you!!
* * * LOW HITPOINT WARNING * * *
The acid corrodes you! The wight hits you with a +2 falchion.
* * * LOW HITPOINT WARNING * * *
Blink to where?
Press: ? - help, Dir - move target
Found a stone staircase leading down.
As you read the scroll of blinking, it crumbles to dust.
The acid dragon spits acid at you. The splash of acid hits you!!
You die...

#.............
#...##.#.##..
#...#.§...#
##########..#..z..##
#....))[....#..D...#
#.#######...#......#
#.#........##......###..
#.#.##.....##...........
#.#.....#..###.#@.......
#....##.#..# #.###.....>
....###.#..# .....
#...###....# ...#
......#....# ..#
......#..(.# .#
......#..... # ......#
......#


You could see an acid dragon (catching breath) and a wight.

Vanquished Creatures
  A troll (D:9)
  A wraith (D:8)
  2 water moccasins (D:7)
  An ice beast (D:5)
  A black bear (D:7)
  2 ogres
  2 sky beasts (D:7)
  A centaur (D:8)
  7 kobold brigands
  A bullfrog (D:8)
  2 scorpions
  7 wights
  A centaur zombie (D:5)
  4 orc priests
  4 hounds
  3 centaur skeletons (D:7)
  A jelly (D:6)
  2 iguanas
  6 orc wizards
  A killer bee zombie (D:5)
  3 hound zombies (D:5)
  2 hound skeletons
  A howler monkey zombie (D:8)
  A gnoll (D:1)
  A howler monkey skeleton (D:4)
  8 adders
  A river rat (D:4)
  A white imp (D:8)
  An ufetubus (D:5)
  An adder zombie (D:5)
  An adder skeleton (D:5)
  2 worms
  4 dart slugs
  24 orcs
  11 ball pythons
  12 endoplasms
  2 giant cockroaches
  A goblin (D:3)
  4 hobgoblins
  13 jackals
  A quokka (D:1)
  4 bats
  7 frilled lizards
  21 kobolds
  10 rats
187 creatures vanquished.

Vanquished Creatures (others)
  3 toadstools (D:5)
3 creatures vanquished.

Grand Total: 190 creatures vanquished

Notes
Turn   | Place    | Note
-------+----------+-------------------------------------------
     0 | D:1      | HallandMoats the Gargoyle Fighter began the quest for the
                  | Orb.
     0 | D:1      | Reached XP level 1. HP: 14/14 MP: 1/1
   454 | D:1      | Reached XP level 2. HP: 19/19 MP: 2/2
   737 | D:1      | Reached XP level 3. HP: 14/24 MP: 3/3
  1591 | D:2      | Reached skill level 4 in Fighting
  1863 | D:2      | Reached XP level 4. HP: 27/29 MP: 4/4
  1921 | D:2      | Found a faded altar of an unknown god.
  2128 | D:3      | Found a hide-covered altar of Uskayaw.
  2374 | D:3      | Found Beud Pixt's General Store.
  2415 | D:3      | Found Tonen's General Store.
  2500 | D:3      | Reached skill level 1 in Dodging
  2650 | D:3      | Found Jisiefos's Jewellery Shoppe.
  3016 | D:4      | Reached XP level 5. HP: 34/34 MP: 5/5
  3105 | D:4      | Found a glowing drain.
  3114 | Sewer    | Entered a sewer
  3156 | Sewer    | Noticed a kobold brigand
  3173 | Sewer    | Killed a kobold brigand
  3273 | Sewer    | Reached XP level 6. HP: 26/39 MP: 6/6
  3456 | Sewer    | Reached skill level 5 in Fighting
  3997 | Sewer    | Reached XP level 7. HP: 35/44 MP: 7/7
  4308 | D:4      | Found a sacrificial altar of Ru.
  4446 | D:4      | Found a shimmering altar of Xom.
  4464 | D:4      | Identified the +6 short sword "Keceob" {vorpal, +Blink
                  | rElec rF+ Int-3}
  4732 | D:5      | Entered Level 5 of the Dungeon
  4890 | D:5      | Reached skill level 6 in Fighting
  4982 | D:5      | Found a white marble altar of Elyvilon.
  5001 | D:5      | Reached XP level 8. HP: 29/51 MP: 8/8
  5218 | D:5      | Reached skill level 5 in Armour
  6003 | D:6      | Found Yphoom's Antique Weapon Shop.
  6240 | D:6      | Reached skill level 5 in Axes
  6428 | D:6      | Found a staircase to the Ecumenical Temple.
  6471 | Temple   | Entered the Ecumenical Temple
  6548 | Temple   | Became a worshipper of Zin the Law-Giver
  6548 | Temple   | Reached * piety under Zin
  6911 | D:6      | Found an iron altar of Okawaru.
  6919 | D:6      | Found a blossoming altar of Fedhas.
  6922 | D:6      | Found a sparkling altar of Nemelex Xobeh.
  6922 | D:6      | Found a glowing golden altar of the Shining One.
  6929 | D:6      | Found a hazy altar of Hepliaklqana.
  6931 | D:6      | Fell from the grace of Zin
  6931 | D:6      | Became a worshipper of the Shining One
  7093 | D:7      | Reached skill level 7 in Fighting
  7352 | D:7      | Found a basalt altar of Yredelemnul.
  7403 | D:7      | Reached XP level 9. HP: 57/57 MP: 9/9
  7433 | D:7      | Got the Volume of Igneous Venom
  7509 | D:7      | Reached * piety under the Shining One
  7692 | D:7      | Reached skill level 8 in Fighting
  8868 | D:9      | Noticed a troll
  8887 | D:9      | Killed a troll
  9090 | D:9      | Reached skill level 9 in Fighting
  9107 | D:9      | Reached ** piety under the Shining One
  9112 | D:9      | Killed from afar by an acid dragon

Illustrated notes

Levels and vault maps discovered:
D:1:      zaba_arrival_water, layout_loops_corners
D:2:      layout_basic, chequers_ecumenical_altar_simple
D:3:      layout_basic, amcnicky_altar_gilded, serial_shops, shop,
          nicolae_shop_stone, shop
D:4:      layout_cave_pools, nicolae_ru_awakened_eye,
          mainiacjoe_overflow_brackets, portal_sewer_entry_e
D:5:      layout_loops_corners, nicolae_elyvilon_peaceful_grove,
          minmay_gold_behind_fungi
D:6:      layout_loops_cross, nicolae_overflow_hallway_of_the_gods,
          temple_fountains, serial_shops, nicolae_shop_waterfront
D:7:      layout_rooms, yredelemnul_altar_generic
D:8:      layout_loops_ring, special_room [special_room_orc]
D:9:      minmay_razor_zed, layout_basic
Temple:   cyrus_temple_forest

Skill      XL: |  1  2  3  4  5  6  7  8  9 |
---------------+----------------------------+-----
Axes           | 2 3 4 5 7 |  7.1
Fighting       | 4 5 6 7 9 |  9.0
Dodging        | 1 2 3 4 |  4.1
Armour         | 4 5 6 |  6.6
Shields        | 4 |  4.8

Action                   |  1- 3 |  4- 6 |  7- 9 || total
-------------------------+-------+-------+-------++-------
Melee: War axe           |   116 |   197 |    43 ||   356
       Short sword       |       |       |   323 ||   323
  Use: Scroll            |       |     5 |     6 ||    11
Armor: Scale mail        |    69 |       |       ||    69
       Ring mail         |     3 |    98 |   200 ||   301
Dodge: Dodged            |    84 |    92 |   198 ||   374
Block: Buckler           |    28 |    49 |    77 ||   154

Table legend: (Time is in decaauts)
 A = Elapsed time spent in this place.
 B = Non-inter-level travel time spent in this place.
 C = Inter-level travel time spent in this place.
 D = Time resting spent in this place.
 E = Time spent auto-exploring this place.
 F = Levels seen in this place.
 G = Mean time per level.
                   A        B        C        D        E       F      G
               +--------+--------+--------+--------+--------+-----+--------+
         Total |   9460 |   9290 |    170 |    166 |   7297 |  11 |  860.0 |
       Dungeon |   8040 |   7870 |    170 |    166 |   6257 |   9 |  893.3 |
        Temple |    101 |    101 |      0 |      0 |     50 |   1 |  101.0 |
         Sewer |   1318 |   1318 |      0 |      0 |    990 |   1 | 1318.0 |
               +--------+--------+--------+--------+--------+-----+--------+

Top non-repeatable levels by time:
     D:5: 1349 daAuts
   Sewer: 1318 daAuts
     D:1: 1186 daAuts
     D:8: 1038 daAuts
     D:2: 955 daAuts
     D:3: 925 daAuts
     D:6: 912 daAuts
     D:7: 693 daAuts
     D:4: 647 daAuts
     D:9: 332 daAuts
  Temple: 101 daAuts
